 Dungeon Crawl Stone Soup version 0.30-a0-534-gdc55766716 (webtiles) character file.

Game seed: 1257940399166915779

4713 mandarbmax the Slicer (level 10, 0/82 HPs)
             Began as an Armataur Artificer on Dec 24, 2022.
             Was an Initiate of Wu Jian.
             Slain by an orc warrior
             ... wielding a +0 scimitar
              (11 damage)
             ... on level 9 of the Dungeon.
             The game lasted 00:23:02 (8609 turns).

mandarbmax the Slicer (Armataur Artificer)          Turns: 8609, Time: 00:23:03

Health: 0/82       AC:  9    Str: 16    XL:     10   Next: 22%
Magic:  10/10      EV: 13    Int: 10    God:    Wu Jian [......]
Gold:   780        SH:  0    Dex: 14    Spells: 7/9 levels left

rFire   + . .      SeeInvis .    m - +4 rapier (venom)
rCold   . . .      Faith    .    (no shield)
rNeg    + . .      Spirit   .    f - +0 ring mail
rPois   .          Reflect  .    k - +2 hat
rElec   +          Harm     .    c - +0 cloak
rCorr   .          Roll     +    (no gloves)
Will    .....                    (no barding)
Stlth   ++                       (no amulet)
HPRegen 1.13/turn                x - +4 ring of evasion
MPRegen 0.12/turn                g - ring "Wozxez" {rElec rN+}

@: about to teleport
A: large, rugged brown scales 3, deformed body, armoured tail, roll, long
tongue, awkward tongue, horns 1, dopey 1, fire resistance 1, regeneration 1,
weak 1
a: Renounce Religion


You were on level 9 of the Dungeon.
You worshipped Wu Jian.
Wu Jian was noncommittal.
You visited 2 branches of the dungeon, and saw 10 of its levels.
You also visited: Sewer and Ossuary.

You collected 780 gold pieces.

Inventory:

Hand Weapons
 m - a +4 rapier of venom (weapon)
 o - a +1 short sword of flaming
 y - a +1 dagger of electrocution
Missiles
 e - 37 poisoned darts (quivered)
 s - 6 boomerangs
Armour
 c - a +0 cloak (worn)
 f - a +0 ring mail (worn)
 k - a +2 hat (worn)
 v - a scarf of harm
Jewellery
 g - the ring "Wozxez" (right hand) {rElec rN+}
   (You found it on level 6 of the Dungeon)

   [ring of positive energy]

   rElec:     It insulates you from electricity.
   rN:        It protects you from negative energy.
 n - a +6 ring of strength
 x - a +4 ring of evasion (left hand)
 B - a ring of ice
Wands
 d - a wand of charming (4)
 z - a wand of polymorph (4)
Scrolls
 i - 3 scrolls of vulnerability
 p - a scroll of summoning {unknown}
 q - a scroll of blinking
 t - 2 scrolls of fear
 u - a scroll of fog {unknown}
 w - a scroll of noise {unknown}
 E - a scroll of amnesia {unknown}
Potions
 a - 5 potions of haste
 h - a potion of might
 j - 2 potions of curing
 l - 2 potions of flight
 r - a potion of lignification {unknown}
 A - 2 potions of magic
 C - 2 potions of mutation
 D - a potion of heal wounds


   Skills:
 * Level 3.6 Fighting
 + Level 10.0 Short Blades
 - Level 3.0 Armour
 + Level 1.9 Dodging
 + Level 2.9 Stealth
 - Level 9.2 Evocations


You had 7 spell levels left.
You knew the following spells:

 Your Spells              Type           Power      Damage    Failure   Level
a - Wereblood             Tmut           0%         N/A       71%         2

Your spell library contained the following spells:

 Spells                   Type           Power      Damage    Failure   Level
 Sublimation of Blood     Necr           0%         N/A       71%         2
 Gell's Gravitas          Tloc           0%         N/A       91%         3
 Lesser Beckoning         Tloc           0%         N/A       91%         3
 Stone Arrow              Conj/Erth      0%         3d7       91%         3
 Teleport Other           Tloc           0%         N/A       91%         3
 Animate Armour           Summ/Erth      0%         N/A       100%        4
 Summon Forest            Summ/Tloc      0%         N/A       100%        5
 Dispersal                Tloc           0%         N/A       100%        6
 Eringya's Noxious Bog    Tmut/Pois      0%         N/A       100%        6
 Summon Hydra             Summ           0%         N/A       100%        7
 Lehudib's Crystal Spear  Conj/Erth      0%         10d2      100%        8


Dungeon Overview and Level Annotations

Branches:
Dungeon (9/15)             Temple (1/1) D:5           Sewer (visited)
Ossuary (visited)
   Lair: D:8-11         Orc: D:9-12

Altars:
Ashenzari
Cheibriados
Dithmenos
Elyvilon
Fedhas
Gozag
Hepliaklqana
Kikubaaqudgha
Makhleb
Nemelex Xobeh
Okawaru
Qazlal
Sif Muna
Trog
Uskayaw
Vehumet
Wu Jian
Xom
Yredelemnul
Zin
The Shining One

Shops:
D:3 (

Annotations:
D:3 exclusion: statue


Innate Abilities, Weirdness & Mutations

You are completely covered in rugged brown scales. (AC +3, +7% HP)
Armour fits poorly on your strangely shaped body.
You have a long armoured tail.
You roll when moving toward enemies. (Rampage)
Your long tongue fully drains potion bottles. (2x potion effects)
Your tongue gives you trouble enunciating. (1.5x scroll delay)
You have a pair of small horns on your head.
You are dopey. (Int -2)
Your flesh is heat resistant. (rF+)
Your natural rate of healing is unusually fast.
You are weak. (Str -2)


Message History

The gnoll sergeant freezes you.
Things that are here:
a +0 war axe; 4 poisoned darts; a gnoll corpse The orc wizard attacks as you move away!
The orc wizard hits you but does no damage.
The orc warrior attacks as you move away!
The orc warrior hits you but does no damage.
You barely miss the orc warrior.
The orc warrior is heavily wounded.
The orc warrior barely misses you.
The orc wizard mumbles some strange words.
The orc wizard flickers and vanishes!
Deactivating autopickup; reactivate with Ctrl-A.
You hit the orc warrior.
You headbutt the orc warrior, but do no damage.
The orc warrior is heavily wounded.
The orc warrior hits you with a +0 scimitar!!
You closely miss the orc warrior. Your headbutt misses the orc warrior.
Your tail-slap misses the orc warrior.
The orc warrior is heavily wounded.
You closely miss the orc warrior. Your headbutt misses the orc warrior.
Your tail-slap misses the orc warrior.
The orc warrior is heavily wounded.
The orc warrior hits you with a +0 scimitar.
You hit the orc warrior but do no damage.
The orc warrior is poisoned.
The orc warrior is heavily wounded.
The orc warrior hits you with a +0 scimitar!
* * * LOW HITPOINT WARNING * * *
As you slowly read the scroll of teleportation, it crumbles to dust.
You feel strangely unstable.
The orc warrior hits you with a +0 scimitar!
* * * LOW HITPOINT WARNING * * *
Okay, then.
You hit the orc warrior.
The orc warrior looks as sick as possible!
You headbutt the orc warrior, but do no damage.
The orc warrior is severely wounded.
The orc warrior hits you with a +0 scimitar!
You die...

.......# # . ......#.# ..
.....#.# ... ....#.# .
..#...#.# . .#######.o....#
.. .# ........ #g...#....
... ############gg......
.... ........@o{go#....## #
#...#############.#......
#........................
#......#######.........#.
#..####..................
#####...##.............##...
#..........##.........## .#
#....##..#..###......... #
.....#..##.###.####......


You could see an orc warrior (extremely poisoned), a gnoll sergeant (poisoned),
2 gnolls and an orc.

Vanquished Creatures
  A hornet (D:9)
  A steam dragon (D:8)
  A swamp worm (D:8)
  Menkaure (D:4)
  3 water moccasins
  4 orc warriors (D:8)
  A black bear (D:5)
  A sky beast (D:8)
  An ice beast (D:8)
  3 ogres
  5 centaurs
  6 kobold brigands (Sewer)
  An elf zombie (Ossuary)
  4 scorpions
  A bullfrog (D:8)
  A necrophage (D:8)
  A wight (D:8)
  A killer bee (D:8)
  4 electric eels (D:6)
  4 howler monkeys (D:7)
  6 hounds
  4 jellies
  Crazy Yiuf (D:5)
  2 human zombies (Ossuary)
  5 orc priests
  2 gnoll boudas (D:7)
  5 orc wizards
  5 iguanas
  2 mummies (Ossuary)
  7 adders
  13 gnolls
  7 river rats
  A shadow imp (D:6)
  A white imp (D:7)
  8 worms
  2 dart slugs
  21 orcs
  15 ball pythons
  2 bats
  8 endoplasms
  4 giant cockroaches
  7 gnoll zombies (Ossuary)
  13 goblins
  4 hobgoblins
  4 jackals (D:1)
  5 quokkas
  11 frilled lizards
  2 goblin zombies
  3 hobgoblin zombies (Ossuary)
  12 kobolds
  6 rats
233 creatures vanquished.

Vanquished Creatures (collateral kills)
  An iguana (D:5)
  An adder (D:6)
  An orc (D:7)
3 creatures vanquished.

Vanquished Creatures (others)
  A hound (D:6)
  An adder (D:5)
  A shadow imp (D:8)
  15 plants
  5 withered plants (D:2)
23 creatures vanquished.

Grand Total: 259 creatures vanquished

Notes
Turn   | Place    | Note
-------+----------+-------------------------------------------
     0 | D:1      | mandarbmax the Armataur Artificer began the quest for the
                  | Orb.
     0 | D:1      | Reached XP level 1. HP: 16/16 MP: 1/1
    58 | D:1      | Reached skill level 1 in Fighting
    63 | D:1      | Reached skill level 1 in Dodging
   120 | D:1      | Reached XP level 2. HP: 24/24 MP: 2/2
   376 | D:1      | Reached XP level 3. HP: 31/31 MP: 3/3
   385 | D:1      | Reached skill level 1 in Short Blades
  1159 | D:2      | Reached skill level 2 in Short Blades
  1207 | D:2      | Found a faded altar of an unknown god.
  1398 | D:2      | Reached XP level 4. HP: 34/38 MP: 4/4
  1831 | D:3      | Found Kutuikh's Weapon Emporium.
  2365 | D:3      | Found a radiant altar of Vehumet.
  2365 | D:3      | Noticed a charred statue
  2466 | D:4      | Noticed a scorpion
  2474 | D:4      | Killed a scorpion
  2475 | D:4      | Reached skill level 3 in Short Blades
  2475 | D:4      | Reached XP level 5. HP: 25/43 MP: 5/5
  2640 | D:4      | Reached skill level 4 in Short Blades
  2988 | D:4      | Reached XP level 6. HP: 18/51 MP: 6/6
  3000 | D:4      | Noticed Menkaure
  3273 | D:4      | Found a burning altar of Makhleb.
  3333 | D:4      | Killed Menkaure
  3334 | D:4      | Reached skill level 5 in Short Blades
  3842 | D:5      | Entered Level 5 of the Dungeon
  3847 | D:5      | Found a staircase to the Ecumenical Temple.
  3865 | D:5      | Reached XP level 7. HP: 44/58 MP: 7/7
  3869 | Temple   | Entered the Ecumenical Temple
  4001 | D:5      | Reached skill level 6 in Short Blades
  4131 | D:5      | Found a sand-covered staircase.
  4135 | D:5      | Gained mutation: You are dopey. (Int -2) [potion of
                  | mutation]
  4135 | D:5      | Gained mutation: Your natural rate of healing is unusually
                  | fast. [potion of mutation]
  4135 | D:5      | Gained mutation: Your flesh is heat resistant. (rF+)
                  | [potion of mutation]
  4135 | D:5      | Gained mutation: You are weak. (Str -2) [potion of
                  | mutation]
  4135 | D:5      | Gained mutation: You have a pair of small horns on your
                  | head. [potion of mutation]
  4149 | Ossuary  | Entered an ossuary
  4276 | Ossuary  | Reached skill level 7 in Short Blades
  4334 | Ossuary  | Reached skill level 5 in Evocations
  4461 | D:5      | Found a glowing golden altar of the Shining One.
  4631 | D:5      | Found a runed translucent door.
  4632 | D:5      | Noticed Crazy Yiuf
  4775 | D:5      | Reached XP level 8. HP: 49/65 MP: 8/8
  4879 | D:5      | Found a shadowy altar of Dithmenos.
  5040 | D:5      | Killed Crazy Yiuf
  5232 | D:6      | Identified the ring "Wozxez" {rElec rN+}
  5365 | D:6      | Found a glowing drain.
  5377 | Sewer    | Entered a sewer
  5656 | Sewer    | Reached skill level 8 in Short Blades
  6055 | D:6      | Found a white marble altar of Elyvilon.
  6268 | D:6      | Reached skill level 9 in Short Blades
  6268 | D:6      | Reached XP level 9. HP: 69/71 MP: 9/9
  6350 | D:6      | Found a broken altar of Ashenzari.
  6950 | D:7      | Reached skill level 10 in Short Blades
  7245 | D:7      | Found a shimmering blue altar of Sif Muna.
  7640 | D:8      | Noticed a two-headed ogre
  7641 | D:8      | a two-headed ogre changed into a swamp worm
  7971 | D:8      | Learned a level 2 spell: Wereblood
  7973 | D:8      | Found an ornate altar of the Wu Jian Council.
  8064 | D:8      | Became a worshipper of the Wu Jian Council
  8090 | D:8      | Found a snail-covered altar of Cheibriados.
  8235 | D:8      | Reached XP level 10. HP: 76/79 MP: 10/10
  8467 | D:9      | Found a hide-covered altar of Uskayaw.
  8609 | D:9      | Slain by an orc warrior

Illustrated notes

Levels and vault maps discovered:
D:1:      sevenhm_arrival_forest_fort_small_4, layout_loops_ring,
          hangedman_decor_push, minmay_lizard_pond
D:2:      layout_loops_ring, shapermc_ecumenical_altar_flowoftime,
          minmay_misc_feat_alley
D:3:      layout_rooms, vehumet_statue, serial_shops, shop,
          grunt_decor_one_mirror
D:4:      layout_loops_cross, marbit_many_paths, uniq_menkaure
D:5:      layout_rooms, kennysheep_mini, lemuel_tele_altar,
          minmay_temple_entry_crystal_x, enter_ossuary_3, serial_rivers,
          chequers_serial_rivers_room_a, chequers_serial_rivers_room_b,
          chequers_serial_rivers_marsh, chequers_serial_rivers_room_a,
          nrook_loot_triangle, kennysheep_crisscross, uniq_crazy_yiuf_cottage
D:6:      layout_rooms, nicolae_ashenzari_panopticon, mainiacjoe_overflow_paths,
          portal_sewer_entry_e, chequers_serial_rivers_micro_e,
          chequers_big_river, feat_on_display
D:7:      layout_cave_pools, mainiacjoe_overflow_tiny_flanked
D:8:      minmay_s_stair_smasher, layout_basic, kennysheep_mini_moat,
          mainiacjoe_overflow_catwalk
D:9:      layout_cave_pools, nicolae_uskayaw_dance_hall,
          serial_co_window_serial, co_window_paths_b, co_window_paths_a,
          co_window_paths_b, co_window_paths_b, co_window_corner_a,
          co_window_broadway_a, co_window_paths_c, co_window_broadway_c,
          co_window_paths_c, co_window_broadway_c, glass_columns_a,
          glass_columns_c
Temple:   chequers_temple_sunken

Skill      XL: |  1  2  3  4  5  6  7  8  9 10 |
---------------+-------------------------------+-----
Fighting       | 1 2 3 |  3.6
Dodging        | 1 |  1.9
Armour         | 3 |  3.0
Short Blades   | 2 3 4 5 7 9 10 | 10.0
Evocations     | 5 6 9 |  9.2
Stealth        | 2 |  2.9

Action                   |  1- 3 |  4- 6 |  7- 9 | 10-12 || total
-------------------------+-------+-------+-------+-------++-------
Melee: Club              |    16 |       |       |       ||    16
       Tailslap          |    23 |    15 |   106 |     5 ||   149
       Dagger            |    52 |       |       |       ||    52
       Short sword       |   102 |   141 |   292 |       ||   535
       Punch             |       |     4 |     6 |       ||    10
       Headbutt          |       |       |   122 |     8 ||   130
       Rapier            |       |       |   366 |    56 ||   422
Throw: Dart              |     7 |    25 |    38 |     4 ||    74
Evoke: Wand              |    11 |     9 |    12 |       ||    32
  Use: Scroll            |       |     5 |     9 |     1 ||    15
       Potion            |       |     4 |     8 |       ||    12
 Stab: Sleeping          |     1 |       |     1 |     1 ||     3
Armor: Leather armour    |     4 |       |       |       ||     4
       Ring mail         |    70 |    43 |   221 |    25 ||   359
Dodge: Dodged            |    58 |    49 |   270 |    40 ||   417

Table legend: (Time is in decaauts)
 A = Elapsed time spent in this place.
 B = Non-inter-level travel time spent in this place.
 C = Inter-level travel time spent in this place.
 D = Time resting spent in this place.
 E = Time spent auto-exploring this place.
 F = Levels seen in this place.
 G = Mean time per level.
                   A        B        C        D        E       F      G
               +--------+--------+--------+--------+--------+-----+--------+
         Total |   8363 |   8111 |    252 |    490 |   5660 |  12 |  696.9 |
       Dungeon |   7451 |   7223 |    228 |    475 |   5121 |   9 |  827.9 |
        Temple |     49 |     25 |     24 |      0 |      0 |   1 |   49.0 |
         Sewer |    622 |    622 |      0 |      0 |    426 |   1 |  622.0 |
       Ossuary |    240 |    240 |      0 |     15 |    113 |   1 |  240.0 |
               +--------+--------+--------+--------+--------+-----+--------+

Top non-repeatable levels by time:
     D:4: 1189 daAuts
     D:8: 970 daAuts
     D:5: 932 daAuts
     D:1: 930 daAuts
     D:6: 926 daAuts
     D:2: 880 daAuts
     D:3: 798 daAuts
     D:7: 676 daAuts
   Sewer: 622 daAuts
 Ossuary: 240 daAuts
     D:9: 147 daAuts
  Temple: 49 daAuts
